Map: Redshift LE

Players

Specton - Winner!

  • Race: Terran Terran
  • Spawn Location: 11:00

Grillzboyy

  • Race: Terran Terran
  • League: Silver
  • Spawn Location: 7:00

VOD

Have the link to the VOD?

Description

Time

  • Played on: May 24, 2018, 2:46 p.m.
  • Length: 13:19
Show
View Real Time Build Order
Export as new Build Order

Specton Terran - Winner!

Build Orders: Mech 

Get SALT Encoding   

  12  0:01  SCV  
  13  0:13  SCV  
  14  0:19  Supply Depot  
  14  0:25  SCV  
  15  0:30  Refinery  
  15  0:41  SCV  
  16  0:50  Barracks  
  16  0:53  SCV  
  17  1:09  SCV  
  18  1:19  Refinery  
  18  1:30  SCV  
  19  1:39  Command Center  
  19  1:51  Orbital Command  
  19  2:01  Supply Depot  
  19  2:16  SCV  
  21  2:30  Reaper  
  21  2:32  Factory  
  21  2:36  SCV  
  22  2:49  SCV  
  23  2:53  Orbital Command  
  23  3:02  Marine, Factory  
  24  3:19  Marine, SCV x2  
  27  3:37  Marine  
  28  3:49  SCV x2  
  28  3:55  Marine  
  30  4:01  SCV  
  30  4:02  Factory Tech Lab  
  32  4:03  Factory Reactor  
  32  4:09  SCV  
  33  4:13  Marine  
  33  4:21  Starport  
  33  4:28  SCV  
  33  4:31  Marine  
  36  4:36  SCV  
  36  4:40  SCV  
  36  4:43  Cyclone x2, Siege Tank  
  46  4:53  Refinery  
  46  4:57  Refinery  
  46  5:10  Supply Depot  
  46  5:11  Supply Depot  
  46  5:13  Supply Depot  
  46  5:31  Cyclone x2, Marine, SCV  
  46  5:33  SCV, Siege Tank  
  58  5:43  SCV  
  58  5:45  SCV  
  58  5:49  Marine  
  61  5:55  SCV  
  62  5:57  SCV  
  62  6:00  Barracks  
  62  6:03  Engineering Bay  
  62  6:04  Hellion x2  
  67  6:05  Siege Tank  
  67  6:06  Supply Depot  
  67  6:10  Supply Depot  
  67  6:11  Supply Depot  
  70  6:18  Supply Depot  
  70  6:28  Hellion x2, SCV x2  
  76  6:37  Hellion  
  78  6:40  SCV  
  79  6:49  Hellion x2  
  60  7:09  SCV x2  
  60  7:21  SCV  
  55  7:23  SCV  
  55  7:29  Starport Reactor  
  56  7:33  SCV  
  56  7:35  Starport  
  56  7:36  SCV  
  58  7:40  Factory  
  58  7:47  Cyclone x2  
  58  7:48  Siege Tank  
  67  7:51  Liberator, SCV  
  67  7:52  SCV  
  67  7:55  Liberator  
  69  8:02  Command Center  
  75  8:15  SCV x2  
  75  8:19  Cyclone x2  
  83  8:20  Cyclone  
  86  8:33  SCV x2  
  88  8:35  Marine  
  88  8:41  Factory Tech Lab  
  89  8:49  Starport Tech Lab  
  89  8:51  Cyclone x2  
  89  8:52  Marine, Siege Tank  
  99  8:56  SCV x2  
  101  9:10  Marine, Supply Depot  
  101  9:14  Supply Depot, Siege Tank  
  101  9:15  Supply Depot  
  101  9:16  Supply Depot  
  105  9:23  Cyclone x2  
  111  9:24  Siege Tank  
  111  9:28  Marine  
  86  10:27  Liberator  
  86  10:35  SCV x3  
  68  10:36  Marine  
  68  10:38  Siege Tank x2  
  68  10:39  Cyclone x2  
  79  10:54  Marine  
  80  10:58  SCV x3  
  83  11:10  Cyclone  
  83  11:11  Supply Depot, Cyclone x3  
  89  11:12  Marine  
  96  11:35  Supply Depot  
  96  11:42  Cyclone  
  86  12:02  Missile Turret  
  86  12:22  SCV x3  
  86  12:34  SCV x2  
  86  12:36  Cyclone x3  
  97  12:37  Siege Tank  
  100  12:44  SCV  
  100  12:45  Marine  
  102  12:59  Missile Turret  
  102  13:02  Missile Turret  
  103  13:05  Missile Turret  
Show
View Real Time Build Order
Export as new Build Order

Grillzboyy Terran 

Build Orders:  

Get SALT Encoding   

  12  0:01  SCV  
  13  0:16  Supply Depot  
  13  0:19  SCV  
  14  0:38  SCV  
  14  0:39  Supply Depot  
  15  0:50  SCV  
  16  1:02  Barracks, SCV  
  17  1:06  Supply Depot  
  17  1:14  SCV  
  18  1:26  SCV  
  18  1:30  Refinery, Supply Depot  
  19  1:41  SCV  
  20  1:51  Supply Depot  
  20  1:53  Barracks, SCV  
  21  2:01  Refinery  
  21  2:03  Marine  
  21  2:05  SCV  
  23  2:14  Supply Depot  
  23  2:17  SCV  
  25  2:29  SCV  
  25  2:35  Barracks Reactor  
  25  2:43  Engineering Bay  
  25  2:49  Barracks Reactor  
  25  2:54  Factory  
  25  2:59  Orbital Command  
  25  3:19  Command Center  
  25  3:41  Marine x2  
  27  3:59  Marine  
  26  4:19  Marine  
  27  4:36  SCV  
  28  4:42  Factory Tech Lab  
  28  4:47  Terran Infantry Weapons Level 1  
  28  4:49  SCV  
  29  5:01  SCV x2  
  31  5:13  SCV  
  32  5:14  Armory  
  32  5:17  Marine x4  
  36  5:25  SCV  
  37  5:33  Siege Tank  
  37  5:35  Marine x3  
  41  5:37  SCV  
  44  5:49  SCV  
  45  6:01  SCV  
  46  6:05  Starport, Siege Tank  
  49  6:13  SCV  
  50  6:25  SCV, Terran Ship Weapons Level 1  
  50  6:30  Marine  
  50  6:31  Marine x3  
  55  6:37  Siege Tank, SCV  
  59  6:41  Refinery  
  59  6:46  Refinery, Missile Turret  
  59  6:48  Marine  
  59  6:49  Marine x3  
  59  6:50  SCV  
  58  7:02  SCV  
  58  7:06  Marine  
  58  7:07  Marine x3  
  59  7:14  SCV  
  56  7:18  Liberator  
  55  7:24  Marine x3  
  55  7:25  Marine  
  59  7:34  Supply Depot  
  62  7:42  Marine x3  
  62  7:43  Marine  
  66  7:54  SCV  
  67  7:59  Marine  
  67  8:00  Marine x3, Supply Depot  
  67  8:01  Liberator  
  67  8:04  Terran Infantry Weapons Level 2  
  71  8:07  SCV  
  72  8:19  SCV  
  76  8:35  Fusion Core  
  76  8:44  Liberator  
  76  8:53  Command Center  
  76  8:58  Marine x4  
  76  9:00  Terran Ship Weapons Level 2  
  83  9:08  Orbital Command  
  83  9:16  Marine x4  
  87  9:33  Marine  
  87  9:34  Marine x3  
  87  9:35  Missile Turret  
  91  9:43  Supply Depot x2  
  90  9:51  Marine  
  90  9:52  Marine x3  
  79  10:06  Supply Depot  
  77  10:07  Supply Depot  
  50  10:43  Marine  
  50  10:44  Marine x2  
  53  11:01  Marine x2  
  53  11:02  Marine  
  54  11:19  Marine x3  
  23  12:59  Missile Turret  
  23  13:04  Missile Turret  
  23  13:07  Barracks Reactor  
Tags
 
Composition
Mech
League
Silver
Matchup
TvT
Race
Terran
Spawn Locations
Close Positions
Add a new tag
Caveats
  • Supply blocks, unpowered buildings, or Contaminate may cause inaccurate times.
  • Supply counts are checked every 10 seconds.